Map: New Repugnancy LE

Players

TiPtOP

  • Race: Terran Terran
  • League: Silver
  • Spawn Location: 1:00

Zero - Winner!

  • Race: Zerg Zerg
  • League: Gold
  • Spawn Location: 7:00

VOD

Have the link to the VOD?

Description

Time

  • Played on: Aug. 15, 2019, 11:33 p.m.
  • Length: 4:33
Show
View Real Time Build Order
Export as new Build Order

TiPtOP Terran 

Build Orders:  

Get SALT Encoding   

  12  0:01  SCV  
  13  0:13  SCV  
  14  0:21  Supply Depot  
  14  0:25  SCV  
  15  0:43  SCV  
  15  0:44  Barracks  
  16  0:52  Refinery  
  16  0:55  SCV  
  17  1:07  SCV  
  18  1:19  SCV  
  19  1:31  Command Center  
  19  1:34  Marine  
  20  1:43  Orbital Command  
  20  2:00  Supply Depot  
  20  2:12  SCV  
  20  2:13  Barracks Tech Lab  
  21  2:21  Refinery  
  21  2:24  SCV  
  22  2:37  Bunker  
  22  2:41  SCV  
  22  2:44  Orbital Command  
  22  2:53  SCV  
  23  3:03  Factory  
  23  3:05  SCV  
  24  3:09  Supply Depot  
  24  3:15  SCV  
  24  3:18  SCV  
  26  3:27  SCV  
  26  3:30  SCV  
  28  3:37  Supply Depot  
  28  3:39  SCV  
  29  3:43  SCV  
  30  3:50  Command Center  
  30  3:51  SCV  
  30  3:55  SCV  
  32  4:01  Factory  
Show
View Real Time Build Order
Export as new Build Order

Zero Zerg - Winner!

Build Orders: Pool First 

Get SALT Encoding   

  12  0:01  Drone  
  13  0:17  Drone  
  13  0:19  Overlord  
  14  0:24  Extractor  
  14  0:25  Drone  
  14  0:43  Spawning Pool  
  14  0:45  Drone  
  14  0:48  Drone  
  15  0:54  Drone  
  16  1:01  Drone  
  17  1:12  Drone  
  18  1:22  Drone  
  19  1:35  Hatchery  
  19  1:38  Metabolic Boost  
  18  1:45  Drone  
  19  1:47  Overlord  
  19  1:55  Queen  
  21  2:10  Drone x2  
  23  2:17  Zergling x2  
  24  2:27  Zergling x2  
  25  2:33  Queen  
  27  2:49  Drone x3  
  30  2:52  Queen  
  32  3:00  Zergling x4  
  32  3:04  Zergling x4  
  32  3:05  Evolution Chamber  
  35  3:06  Overlord  
  35  3:09  Overlord  
  35  3:24  Zergling x6  
  38  3:37  Zergling x4  
  40  3:45  Zergling x2  
  40  3:46  Zergling x6  
  44  3:48  Zergling x2  
  45  3:56  Drone  
  45  3:59  Drone  
  45  4:02  Overlord  
  47  4:03  Drone  
  47  4:05  Drone  
Tags
 
Add a new tag
Caveats
  • Supply blocks, unpowered buildings, or Contaminate may cause inaccurate times.
  • Supply counts are checked every 10 seconds.